[Event "*** Titled Tuesday Blitz"]
[Site "Chess.com"]
[Date "2019.07.02"]
[Round "2"]
[White "Hrant_ChessMood"]
[Black "2nd_life"]
[Result "1-0"]
[WhiteElo "2951"]
[BlackElo "2470"]
[TimeControl "180+2"]
[EndTime "13:25:05 PDT"]
[Termination "Hrant_ChessMood won by resignation"]

1. e4 e5 2. Nf3 Nc6 3. Bb5 a6 4. Ba4 Nf6 5. O-O Be7 6. d3 d6 7. c3 O-O 8. Nbd2 Re8 9. Re1 Bf8 10. Nf1 b5 11. Bc2 g6 12. Ng3 Bg7 13. h3 Bb7 14. a4 Qd7 15. Bg5 h6 16. Bxf6 Bxf6 17.
b4 Bg7 18. Bb3 Kh7 19. h4 Rf8 20. h5 Ne7 21. Nh2 Kh8 22. Qe2 f5 23. axb5 axb5 24. Rxa8 Bxa8 25. Ra1 f4 26. Ngf1 g5 27. Ng4 Bc6 28. Ra7 Ra8 29. Rxa8+ Bxa8 30. Qa2 Qc8 31. Nd2 Bc6 32. f3 Qa8 33. Qxa8+ Bxa8 34. Bf7 Ng8 35. Be8 c6 36. Nb3 Nf6 37. Nxf6 Bxf6 38. Na5 Bd8 39.
Bxc6 Bxa5 40. Bxa8 Bb6+ 41. Kf1 Kg7 42. Bc6 Kf6 43.
Bxb5 Ke7 44. Ke2 Be3 45. Kd1 Kd8 46. Kc2 Ke7 47. Kb3 Bd2 48. Kc4 Be1 49. d4 exd4 50. Kxd4 Bd2 51. Bc6 Be3+ 52. Kd5 Bd2 53. Kc4 Kd8 54. e5 dxe5 55. Be4 Kc7 56. Kb3 Be1 57. c4 Bf2 58. c5 1-0

[Event "*** Titled Tuesday Blitz"]
[Site "Chess.com"]
[Date "2019.07.02"]
[Round "2"]
[White "GulamaliRises"]
[Black "Oleg_Papayan"]
[Result "1/2-1/2"]
[WhiteElo "2485"]
[BlackElo "2508"]
[TimeControl "180+2"]
[EndTime "13:25:06 PDT"]
[Termination "Game drawn by repetition"]

1. e4 c6 2. d4 d5 3. f3 g6 4. Nc3 Bg7 5. e5 b5 6. Be3 b4 7. Na4 Qa5 8. b3 Nd7 9. Qd2 Nb6 10. a3 Nc4 11. axb4 Nxd2 12. bxa5 Nxf1 13. Kxf1 Nh6 14. g4 f6 15. exf6 exf6 16. Nc5 O-O 17. Kg2 Re8 18. Bf2 f5 19. g5 Nf7 20. f4 Nd6 21. Nf3 Ne4 22. Rae1 Rb8 23. h4 Rb5 24. a6 Ra5 25. h5 Bxa6 26. h6 Bf8 27. Nxa6 Rxa6 28. Ra1 Rxa1 29. Rxa1 Bd6 30. Ne5 Bxe5 31.
dxe5 c5 32. Rxa7 d4 33. Rg7+ Kh8 34. Ra7 Kg8 35. Be1 Rd8 36. Kf3 d3 37. cxd3 Rxd3+ 38.
Ke2 Rd4 39. e6 Rd8 40. Rg7+ Kh8 41. Ba5 Re8 42. e7 Ra8 43. Kd3 c4+ 44. Kxc4 Nd6+ 45.
Kd5 Rxa5+ 46. Kxd6 Rd5+ 47. Kc7 Rd7+ 48. Kc6 Rc7+ 49.
Kb5 Rc5+ 50. Kb4 Rc4+ 51. Ka3 Ra4+ 52. Kb2 Ra2+ 53. Kc3 Rc2+ 54. Kd4 Rd2+ 55. Ke5 Re2+ 56. Kf6 Re6+ 57. Kf7 Rxe7+ 58. Kf8 Re8+ 59. Kf7 Re7+ 60. Kf6 Re6+ 61. Kf7 Re7+ 1/2-1/2

[Event "*** Titled Tuesday Blitz"]
[Site "Chess.com"]
[Date "2019.07.02"]
[Round "2"]
[White "ckgchess"]
[Black "Caisachess"]
[Result "1-0"]
[WhiteElo "2674"]
[BlackElo "2381"]
[TimeControl "180+2"]
[EndTime "13:25:06 PDT"]
[Termination "ckgchess won by resignation"]

1. e4 e5 2. Nc3 Nf6 3. g3 c6 4. d4 exd4 5. Qxd4 d5 6. Bg5 Be7 7.
exd5 cxd5 8. O-O-O Nc6 9. Qd2 Be6 10. Bg2 O-O 11. Nge2 Qb6 12. Nf4 Rad8 13. Kb1 d4 14. Nce2 Bxa2+ 15. Kxa2 Nb4+ 16. Kb1 Qa5 17. Nc1 Qxg5 18.
Rhe1 Bc5 19. Nb3 b6 20. h4 Qg4 21. Bh3 Qf3 22. Bg2 Qg4 23. Nd3 Nxd3 24. Qxd3 Nd5 25. Re4 Qd7 26. Qc4 Nf6 27. Nxc5 bxc5 28. Re5 Rb8 29.
Rxc5 Rfd8 30. Rc7 Qe8 31. Rxa7 Rdc8 32. Qxd4 Qb5 33. b3 Qe2 34. Qd2 Qe5 35. Ra4 h6 36. g4 Qh2 37. g5 hxg5 38. hxg5 Nh7 39. Be4 Qe5 40. f4 Qb5 41. Rd4 Nf8 42. Qh2 Re8 43.
Rh1 Ng6 44. f5 Qe5 45. fxg6 Qxh2 46. Rxh2 fxg6 47. Bd5+ Kf8 48. Rh8+ Ke7 49. Re4+ Kd7 50. Rexe8 Rxe8 51. Bc6+ Kxc6 52. Rxe8 1-0

[Event "*** Titled Tuesday Blitz"]
[Site "Chess.com"]
[Date "2019.07.02"]
[Round "2"]
[White "sergeikim"]
[Black "M1711"]
[Result "1/2-1/2"]
[WhiteElo "2485"]
[BlackElo "2505"]
[TimeControl "180+2"]
[EndTime "13:25:07 PDT"]
[Termination "Game drawn by repetition"]

1. d4 Nf6 2. c4 e6 3. Nc3 Bb4 4. Qc2 O-O 5. a3 Bxc3+ 6. Qxc3 d5 7. Nf3 dxc4 8. Qxc4 b6 9. Bf4 c5 10. dxc5 Ba6 11. Qa4 bxc5 12. Bxb8 Qxb8 13. Qxa6 Qxb2 14. Rd1 Rfd8 15. Nd2 Rxd2 16. Rxd2 Qc1+ 17. Rd1 Qc3+ 18. Rd2 Rd8 19. Qd3 Rxd3 20. exd3 Qc1+ 21. Rd1 Qxa3 22. Be2 Qc3+ 23. Kf1 a5 24. g3 Qc2 25. Bf3 g5 26.
h3 c4 27. dxc4 Ne4 28. Rd8+ Kg7 29. Bxe4 Qxe4 30. Kg1 Qxc4 31. Kg2 Qe4+ 32. Kh2 Qf3 33. Rd2 h5 34. Rhd1 a4 35. Kg1 Qf5 36. Kg2 h4 37. g4 Qe4+ 38. f3 Qe5 39. Kf2 Qg3+ 40. Ke3 Qxh3 41. Rg1 a3 42. Rdg2 Kh6 43. Ke4 f5+ 44.
Ke3 a2 45. Rxa2 fxg4 46. Rxg4 Qh1 47. Re2 Qc1+ 48. Kf2 Qc5+ 49. Kg2 Qf5 50. Rge4 h3+ 51. Kg3 Kh5 52. Rxe6 Qf4+ 53. Kxh3 Qxf3+ 54. Kh2 Kh4 55. R6e3 Qf4+ 56. Kg2 g4 57. Rg3 Qc4 58. Rge3 Qf4 59.
Re1 Qc4 60. R1e2 Qc6+ 61. Kh2 Qd6+ 62. Kg2 Qc6+ 63. Kh2 Qc7+ 64. Kg2 Qb7+ 65. Kh2 Qb8+ 66. Kg2 Qa8+ 67. Kh2 Qd5 68. Re1 Qd2+ 69. R1e2 Qc1 70.
Kg2 Qc6+ 1/2-1/2

[Event "*** Titled Tuesday Blitz"]
[Site "Chess.com"]
[Date "2019.07.02"]
[Round "2"]
[White "KL31"]
[Black "PlotnikovPavel"]
[Result "0-1"]
[WhiteElo "2295"]
[BlackElo "2331"]
[TimeControl "180+2"]
[EndTime "13:25:07 PDT"]
[Termination "PlotnikovPavel won on time"]

1. d4 e6 2. Nf3 f5 3. g3 Nf6 4.
Bg2 d5 5. O-O c6 6. c4 Bd6 7. b3 Qe7 8. Ne5 O-O 9. Nd2 Nbd7 10. Ndf3 Ne4 11. Bb2 Ndf6 12. Nd2 Bd7 13. f3 Nxd2 14.
Qxd2 Be8 15. a4 a5 16. Kh1 h6 17. Rae1 g5 18. e4 fxe4 19. fxe4 Nxe4 20. Bxe4 dxe4 21. Qe2 Rxf1+ 22. Rxf1 Bxe5 23. dxe5 Bg6 24. Rf6 Kg7 25. Qg4 Re8 26. h4 Qb4 27. hxg5 Qe1+ 28. Kg2 Qd2+ 29. Rf2 Qxg5 30. Qxg5 hxg5 31. Bc1 g4 32. Bg5 Bf5 33.
Rd2 Rf8 34. Bf6+ Kg6 35. Rd7 Rf7 36. Rd8 e3 37. Kf1 Bc2 38. Rg8+ Kf5 39. Ke2 Rxf6 40. exf6 Kxf6 41. Rxg4 Bxb3 42. c5 Ke5 43. Kxe3 Kd5 44.
Rd4+ Kxc5 45. g4 b5 46. axb5 cxb5 47. g5 e5 48. Re4 Kd6 49. g6 Ke6 50. Rg4 Kf6 51.
g7 Bg8 52. Kd3 Kf5 53. Rg1 b4 54. Kc2 a4 55. Kb2 a3+ 56. Kc2 e4 57. Rf1+ Kg6 58.
Re1 Kxg7 59. Rg1+ Kf8 60. Rg5 b3+ 61. Kc3 b2 62. Rb5 Ba2 0-1

[Event "*** Titled Tuesday Blitz"]
[Site "Chess.com"]
[Date "2019.07.02"]
[Round "2"]
[White "Rakesh"]
[Black "Berardino"]
[Result "0-1"]
[WhiteElo "2446"]
[BlackElo "2537"]
[TimeControl "180+2"]
[EndTime "13:25:09 PDT"]
[Termination "Berardino won on time"]

1. e4 c5 2. c3 Nf6 3. e5 Nd5 4.
d4 cxd4 5. Nf3 Nc6 6. cxd4 d6 7. Bc4 Nb6 8. Bb3 dxe5 9. d5 Na5 10. Nc3 Nxb3 11.
Qxb3 e6 12. dxe6 Bxe6 13. Qb5+ Nd7 14. Nxe5 a6 15. Qe2 Be7 16. O-O Nxe5 17. Qxe5 O-O 18. Rd1 Qb8 19. Bf4 Qxe5 20. Bxe5 Rfd8 21. h3 f6 22. Bf4 Kf7 23. a3 Rac8 24. Rxd8 Rxd8 25. Rd1 Rxd1+ 26. Nxd1 g5 27. Be3 h5 28. Nc3 h4 29.
Ne4 Bd5 30. Nc3 Bc6 31. g3 hxg3 32. fxg3 f5 33. Kf2 Kg6 34. Ne2 Bd6 35. Nd4 Bd7 36.
Nf3 f4 37. gxf4 gxf4 38. Bd4 Bxh3 39. Be5 Bxe5 40. Nxe5+ Kf5 41. Nc4 b5 42. Nd2 Ke5 43.
b4 Be6 44. Kf3 Bd5+ 45. Kf2 Kd4 46. Ke2 Kc3 47. Nf1 Bc4+ 0-1

[Event "*** Titled Tuesday Blitz"]
[Site "Chess.com"]
[Date "2019.07.02"]
[Round "2"]
[White "bubacik"]
[Black "bascheyaro"]
[Result "1/2-1/2"]
[WhiteElo "2695"]
[BlackElo "2754"]
[TimeControl "180+2"]
[EndTime "13:25:10 PDT"]
[Termination "Game drawn by repetition"]

1. d4 Nf6 2. c4 e6 3. Nc3 d5 4.
Nf3 c6 5. e3 Nbd7 6. Qc2 Bd6 7.
Bd3 h6 8. O-O O-O 9. Rd1 Qe7 10.
e4 dxe4 11. Nxe4 Nxe4 12. Bxe4 Nf6 13. Bd3 Rd8 14. b3 c5 15. Bb2 b6 16. Re1 cxd4 17.
Nxd4 Bb7 18. Nf5 Qd7 19. Nxh6+ gxh6 20. Bxf6 Bxh2+ 21. Kxh2 Qxd3 22. Qxd3 Rxd3 23. Rad1 Be4 24. f3 Bg6 25. Kg3 Kh7 26. Kf4 a5 27. Rxd3 Bxd3 28.
Rd1 Bc2 29. Rd2 Bb1 30. Bd8 Bxa2 31. Bxb6 Bxb3 32. Rd8 Rxd8 33. Bxd8 a4 34. c5 Kg6 35. Ba5 a3 36. Bc3 Bd5 37. Ke5 Kg5 38. Kd6 h5 39. c6 a2 40. c7 Bb7 41. Ke7 Kf4 42. Kxf7 Bc8 43. Kg6 h4 44. Kh5 Kg3 45. Be5+ Kxg2 46. Kxh4 Kxf3 47. Kg5 Ke4 48. Kf6 Kd5 49. Ba1 Kd6 50.
Be5+ Kd7 51. Kf7 Kc6 52. Ke7 Kd5 53. Kf6 Bb7 54. Ba1 Kd6 55. Be5+ Kd7 56. Kf7 Bc8 57.
Kf6 Kc6 58. Ke7 Kc5 59. Kd8 Ba6 60. Ke7 Kd5 61. Kf6 Bc8 62. Ba1 Ke4 63. Be5 Kd3 64. Ke7 Kc4 65. Kd8 Ba6 66. Ke7 Kd5 67. Kf6 Bb7 68.
Ba1 Bc8 69. Be5 Ke4 70. Ba1 Kf4 71. Be5+ Ke3 72. Ke7 Ke4 73. Kf6 1/2-1/2

[Event "*** Titled Tuesday Blitz"]
[Site "Chess.com"]
[Date "2019.07.02"]
[Round "2"]
[White "ChessWeebs"]
[Black "MagnusSeinFanboy"]
[Result "1-0"]
[WhiteElo "2781"]
[BlackElo "2465"]
[TimeControl "180+2"]
[EndTime "13:25:13 PDT"]
[Termination "ChessWeebs won by checkmate"]

1. Nf3 d5 2. g3 g6 3. Bg2 Bg7 4. O-O e5 5. d3 Ne7 6. Nbd2 O-O 7. c3 Be6 8. Qc2 c5 9. e4 Nbc6 10. exd5 Nxd5 11. Re1 Rc8 12. Nc4 f6 13. a4 Qd7 14.
Nfd2 Kh8 15. Ne4 b6 16. a5 Qc7 17. axb6 axb6 18. Ned6 Rcd8 19. Nb5 Qb8 20. f4 Nce7 21.
fxe5 fxe5 22. Qe2 Nc6 23. Bg5 Rd7 24. Ra6 Bf5 25. Bxd5 Rxd5 26. Rxb6 Qc8 27. Nbd6 Qd7 28. Rb7 Qe6 29. Nxf5 Rxf5 30. Ne3 Rxg5 31. Nxd5 Qxd5 32.
Qe4 Qxe4 33. dxe4 h5 34. Rf1 Kg8 35. Rff7 Bf8 36. Rfc7 Nd8 37. Rb8 Ne6 38. Rc6 Kf7 39. Rbb6 Nd8 40. Rc7+ Ke8 41. Kg2 h4 42. Kf3 hxg3 43.
hxg3 Rh5 44. Rxg6 Rh2 45. Rb6 Rd2 46. Kg4 Bd6 47. Rh7 Bf8 48. Kf5 Rf2+ 49. Kxe5 Nf7+ 50. Kd5 Rd2+ 51. Kc4 Ne5+ 52. Kb3 c4+ 53. Ka4 Nd3 54. Rb8# 1-0

[Event "*** Titled Tuesday Blitz"]
[Site "Chess.com"]
[Date "2019.07.02"]
[Round "2"]
[White "ChessWarrior7197"]
[Black "FMJoseHerrera"]
[Result "1-0"]
[WhiteElo "2831"]
[BlackElo "2658"]
[TimeControl "180+2"]
[EndTime "13:25:15 PDT"]
[Termination "ChessWarrior7197 won by checkmate"]

1. e4 c5 2. Nf3 e6 3. d4 cxd4 4. Nxd4 a6 5. c4 Qc7 6. Nc3 d6 7. Be3 Nd7 8. Rc1 Ngf6 9. Be2 b6 10. O-O Bb7 11. f3 Be7 12. Qe1 h5 13. Qf2 Rc8 14. Rfd1 Qb8 15. Nb3 Bd8 16. Bf4 Bc7 17. Rd2 h4 18.
Rcd1 Ne5 19. Be3 h3 20. g3 Bc6 21. Nd4 Ba8 22. Nc2 O-O 23. Bf1 Rfd8 24. Bd4 Nfd7 25. b3 b5 26. cxb5 axb5 27. Nxb5 Ba5 28. b4 Bb6 29. Bxb6 Nxb6 30. Nxd6 Rxc2 31. Rxc2 Rxd6 32.
Rxd6 Qxd6 33. Qc5 Nxf3+ 34. Kf2 Qd1 35. Rc1 Qd4+ 36. Qxd4 Nxd4 37. Ke3 e5 38. Bxh3 g6 39. a4 Nxa4 40. Rc8+ Kg7 41. Rxa8 f5 42. exf5 Nb6 43. Ra7+ Kh6 44. fxg6 Nd5+ 45. Ke4 Nxb4 46. g7 Kh7 47. Bf5+ Nxf5 48. Kxf5 Nc6 49. Rc7 Nd4+ 50. Kxe5 Nf3+ 51.
Kf6 Nxh2 52. Kf7 Nf1 53. g8=Q+ Kh6 54. Qg6# 1-0

[Event "*** Titled Tuesday Blitz"]
[Site "Chess.com"]
[Date "2019.07.02"]
[Round "2"]
[White "JonahWillow"]
[Black "tigra"]
[Result "0-1"]
[WhiteElo "2698"]
[BlackElo "2754"]
[TimeControl "180+2"]
[EndTime "13:25:17 PDT"]
[Termination "tigra won by resignation"]

1. e4 e6 2. d4 d5 3. Nd2 Be7 4. e5 c5 5. c3 Nc6 6. Bd3 Qb6 7. Qg4 Kf8 8. Ne2 h5 9. Qf4 cxd4 10. cxd4 Nb4 11. Bg6 f5 12. exf6 gxf6 13. a3 Qa6 14. axb4 Qxa1 15. O-O Bxb4 16. Ng3 Qa6 17. Nxh5 Bd6 18.
Qf3 Ke7 19. Re1 Bd7 20. Qxd5 Rc8 21. Qf3 Qc6 22. d5 Qxc1 23. Rxc1 Rxc1+ 24. Nf1 Bb5 25. Bd3 Rxh5 26. Bxb5 Bxh2+ 27. Kh1 Rxd5 28. Qa3+ Bd6 29.
Qb3 Nh6 30. g3 Ng4 31. Kg2 Rf5 32. f4 Rfc5 33. Be2 R5c2 34. Qxb7+ Bc7 35. Kf3 f5 36. Qb4+ Bd6 37. Qb7+ Kf6 38. Ne3 Nh2+ 39. Kf2 Bc5 40. Qh7 Rf1+ 41. Kg2 Rxe2+ 42. Kh3 Bxe3 43. Qh8+ Ke7 44.
Qg7+ Kd6 45. Qe5+ Kd7 46. Qg7+ Kc6 47. Qc3+ Bc5 48. Qc4 Ng4 49. Qa6+ Bb6 50. Qc4+ Kd6 51. Qd3+ Ke7 52. Qxe2 Rh1+ 53. Kg2 Rh2+ 0-1

[Event "*** Titled Tuesday Blitz"]
[Site "Chess.com"]
[Date "2019.07.02"]
[Round "2"]
[White "Der_Honigdachs"]
[Black "amylazy"]
[Result "0-1"]
[WhiteElo "2591"]
[BlackElo "2408"]
[TimeControl "180+2"]
[EndTime "13:25:18 PDT"]
[Termination "amylazy won by checkmate"]

1. d4 Nf6 2. c4 g6 3. Nc3 d5 4.
Nf3 Bg7 5. h4 h6 6. cxd5 Nxd5 7.
e4 Nxc3 8. bxc3 c5 9. Be3 Qa5 10. Qd2 cxd4 11. cxd4 Qxd2+ 12. Kxd2 Nc6 13. d5 Bxa1 14. Bb5 Bg7 15. dxc6 O-O 16. Bf4 Rd8+ 17. Ke3 bxc6 18. Bxc6 Ba6 19. Be5 Rac8 20. Bd5 e6 21. Bb3 Rd3+ 22. Kf4 Rxf3+ 23. gxf3 g5+ 24. hxg5 hxg5+ 25. Kxg5 Bxe5 26. f4 Bd4 27. f5 exf5 28. Kxf5 Rc5+ 29. Bd5 Bb7 30. Rd1 Bxf2 31. Ke5 Kf8 32. Kd6 Bxd5 33. exd5 Rc8 34. Kd7 Re8 35. d6 Bb6 36. Kc6 Rd8 37. a4 f6 38. Rd5 Kf7 39.
a5 Be3 40. Rd3 Bf4 41. d7 Ke7 42. Rd4 Be5 43. Rd1 Ke6 44. a6 f5 45. Re1 f4 46.
Rh1 Rxd7 47. Rh6+ Bf6 48. Rxf6+ Kxf6 49. Kxd7 f3 50. Kc7 f2 51. Kb7 f1=Q 52. Kxa7 Qf3 53. Kb8 Qb3+ 54. Kc7 Qc4+ 55. Kb7 Qb5+ 56. Ka7 Ke7 57.
Ka8 Qxa6+ 58. Kb8 Qb6+ 59. Kc8 Qc6+ 60. Kb8 Qd7 61. Ka8 Kd6 62. Kb8 Kc6 63. Ka8 Qb7# 0-1

[Event "*** Titled Tuesday Blitz"]
[Site "Chess.com"]
[Date "2019.07.02"]
[Round "2"]
[White "Kubas1010"]
[Black "FairChess_on_YouTube"]
[Result "1/2-1/2"]
[WhiteElo "2619"]
[BlackElo "3042"]
[TimeControl "180+2"]
[EndTime "13:25:23 PDT"]
[Termination "Game drawn - insufficient material"]

1. d4 e6 2. Nf3 Nf6 3. c4 d5 4.
Nc3 Nbd7 5. g3 dxc4 6. Bg2 Rb8 7. a4 Bb4 8. O-O O-O 9. Qc2 b6 10. Rd1 Bb7 11. Ne5 Bxg2 12. Kxg2 Qc8 13. Na2 Be7 14. Qxc4 c5 15. Nxd7 Qxd7 16. Nc3 cxd4 17. Rxd4 Qb7+ 18.
f3 Rbc8 19. Qb5 a6 20. Qb3 e5 21.
Rc4 Rxc4 22. Qxc4 Rc8 23. Qd3 Rd8 24. Qc2 e4 25. Nxe4 Nxe4 26. fxe4 Rd4 27. Be3 Rxe4 28. Kf2 h5 29. Rc1 Qd5 30. Qd3 Qf5+ 31. Kg2 Qe6 32. Rc3 Kh7 33. Kf2 f5 34. Bd4 h4 35. e3 hxg3+ 36. hxg3 Qh6 37. Kg2 Qg6 38. Rc1 Rh4 39. Rf1 Rh5 40. Qd1 Bd6 41. Qf3 Bxg3 42. Rh1 Bd6+ 43.
Kf1 Rxh1+ 44. Qxh1+ Qh6 45. Qxh6+ Kxh6 46. Bxb6 g5 47. Ba5 Bc5 48. Ke2 Kg6 49. b4 Bd6 50. b5 axb5 51. axb5 f4 52. exf4 gxf4 53.
b6 Kf5 54. Kf3 Ke6 55. b7 Kd5 56. Bb4 Kc6 57. Bxd6 Kxb7 58. Bxf4 1/2-1/2

[Event "*** Titled Tuesday Blitz"]
[Site "Chess.com"]
[Date "2019.07.02"]
[Round "2"]
[White "GMKrikor"]
[Black "stoleriu"]
[Result "1-0"]
[WhiteElo "2730"]
[BlackElo "2538"]
[TimeControl "180+2"]
[EndTime "13:25:23 PDT"]
[Termination "GMKrikor won by resignation"]

1. Nf3 Nf6 2. c4 e6 3. g3 b6 4. Bg2 Bb7 5. O-O c5 6. Nc3 Be7 7.
d4 cxd4 8. Qxd4 O-O 9. Rd1 Nc6 10. Qf4 Qb8 11. Qxb8 Raxb8 12. Bf4 Rbc8 13. Rac1 Rfd8 14. Bd6 Bxd6 15. Rxd6 Kf8 16. Rcd1 Ke7 17. Nb5 Ne4 18. R6d3 a6 19. Nd6 Nxd6 20. Rxd6 b5 21. c5 Na5 22. Ne5 Bxg2 23. Kxg2 Rxc5 24. f4 f6 25. Rxd7+ Rxd7 26. Rxd7+ Ke8 27. Nd3 Kxd7 28. Nxc5+ Kd6 29. Nxa6 Nc4 30.
b3 Ne3+ 31. Kf3 Nd5 32. e4 Nc3 33. a3 Nb1 34. a4 bxa4 35. bxa4 Nc3 36. a5 Na2 37.
Ke3 Kc6 38. Kd4 Nc1 39. Nb4+ Kb5 40. a6 Nb3+ 41. Kc3 Nc5 42. a7 Na4+ 43. Kd4 Nb6 44. Nd3 Kc6 45. e5 Kb7 46. Nc5+ Kxa7 47. Nxe6 fxe5+ 48. Kxe5 g6 49. Nf8 Nc4+ 50. Kf6 Ne3 51. Nxh7 Ng4+ 52.
Kxg6 Nxh2 53. f5 Nf1 54. g4 Ng3 55. f6 Ne4 1-0

[Event "*** Titled Tuesday Blitz"]
[Site "Chess.com"]
[Date "2019.07.02"]
[Round "2"]
[White "DACF2905"]
[Black "DerSchachaffe"]
[Result "0-1"]
[WhiteElo "2217"]
[BlackElo "2334"]
[TimeControl "180+2"]
[EndTime "13:25:26 PDT"]
[Termination "DerSchachaffe won by resignation"]

1. e4 c5 2. Nf3 d6 3. d4 cxd4 4.
Nxd4 Nf6 5. Nc3 a6 6. Bg5 Nbd7 7. f4 Qc7 8. Qf3 b5 9. a3 Bb7 10. Be2 h6 11. Bxf6 Nxf6 12. O-O-O e5 13. fxe5 dxe5 14. Nf5 Rc8 15. Qd3 g6 16. Nd6+ Bxd6 17. Qxd6 Nxe4 18. Qxc7 Rxc7 19. Nxe4 Bxe4 20. c3 Bxg2 21. Rhg1 Bc6 22.
Rd6 Ke7 23. Rgd1 h5 24. h4 Re8 25. Kc2 Kf8 26. Kb3 a5 27. c4 bxc4+ 28. Bxc4 Ba4+ 29. Kxa4 Rxc4+ 30. Kxa5 Rxh4 31. b4 e4 32. b5 e3 33.
b6 e2 34. Re1 Ra8+ 35. Kb5 Rxa3 36. Rxe2 Rb3+ 37. Ka6 Ra4+ 38. Kb7 h4 39. Kc7 Rc4+ 40.
Rc6 Rxc6+ 41. Kxc6 g5 42. b7 Kg7 43. Re5 Rxb7 44.
Kxb7 Kg6 45. Kc6 h3 46. Re2 g4 47. Kd5 g3 48. Re3 g2 49. Rxh3 g1=Q 50. Ke5 Qg2 51. Re3 Qg5+ 52. Kd4 f5 53. Re6+ Kh5 54. Ke5 Kg4 55.
Kd6 f4 56. Re4 Kg3 0-1

[Event "*** Titled Tuesday Blitz"]
[Site "Chess.com"]
[Date "2019.07.02"]
[Round "2"]
[White "HanSchut"]
[Black "Aleksandr_Kholin"]
[Result "0-1"]
[WhiteElo "2213"]
[BlackElo "2366"]
[TimeControl "180+2"]
[EndTime "13:25:29 PDT"]
[Termination "Aleksandr_Kholin won by resignation"]

1. e4 c5 2. Nf3 d6 3. d4 cxd4 4.
Nxd4 Nf6 5. f3 a6 6. c4 e5 7. Nc2 Be6 8. Nc3 Nbd7 9. Be3 Be7 10. Qd2 O-O 11. b3 Rc8 12. Be2 h6 13. O-O Qc7 14.
Rac1 Qb8 15. a4 Nc5 16. Rb1 a5 17. Rfd1 b6 18. Nb5 Rfd8 19. Qe1 Nh5 20. g3 f5 21.
exf5 Bxf5 22. Rd2 Nf6 23. Bxc5 bxc5 24. Rbd1 Rc6 25. Ne3 Bd7 26. Nd5 Nxd5 27. Rxd5 Rb6 28. Qf2 Bc6 29. R5d3 Rf8 30. Qg2 Rf6 31. Qh3 Qf8 32. Rf1 Rb7 33. Qg4 Kh7 34. f4 g6 35.
fxe5 h5 36. Qh3 Rxf1+ 37. Qxf1 Qxf1+ 38. Bxf1 dxe5 39. Bg2 e4 40. Re3 Bf6 41. Bxe4 Re7 42. Bxc6 Rxe3 43. Bd5 Rxb3 44. Nd6 Rb4 45. Ne4 Bd4+ 46.
Kg2 Rxa4 47. h4 Ra2+ 48. Kh3 a4 49. Ng5+ Kg7 50. Ne6+ Kf6 51. g4 Ra3+ 52. Kg2 hxg4 53. Nf4 Ra2+ 54. Kg3 a3 55. Kxg4 Ra1 56. Be4 a2 57.
Nd5+ Ke5 58. Bxg6 Rg1+ 59. Kh5 Rxg6 60. Kxg6 a1=Q 61. h5 Qg1+ 62. Kh7 Kd6 63. h6 Be3 64.
Nf6 Bxh6 65. Kxh6 Ke5 66. Nd7+ Kd4 67. Kh5 Qh1+ 68. Kg5 Qg2+ 69. Kf6 Qf3+ 70. Ke7 Qe3+ 71. Kd8 Kxc4 72. Nb6+ Kb3 0-1

[Event "*** Titled Tuesday Blitz"]
[Site "Chess.com"]
[Date "2019.07.02"]
[Round "2"]
[White "Mr_Penings"]
[Black "AlexanderKing"]
[Result "1/2-1/2"]
[WhiteElo "2473"]
[BlackElo "2526"]
[TimeControl "180+2"]
[EndTime "13:25:32 PDT"]
[Termination "Game drawn - insufficient material"]

1. c4 e6 2. g3 d5 3. Bg2 Nf6 4.
Nf3 c5 5. O-O Be7 6. b3 O-O 7.
Bb2 Nc6 8. e3 d4 9. exd4 cxd4 10. Re1 Ne8 11. Na3 f6 12. d3 e5 13. Nc2 Bg4 14.
a3 a5 15. Qd2 Qc7 16. b4 axb4 17. axb4 Rxa1 18. Rxa1 b5 19. cxb5 Na7 20. Na3 Nd6 21.
Rc1 Qb8 22. Nc4 Ndxb5 23. h3 Be6 24. Nh4 Rc8 25. f4 exf4 26. gxf4 Bf8 27. Re1 Bf7 28. Nf5 Re8 29. Rxe8 Qxe8 30. Nxd4 Nxd4 31. Bxd4 Nb5 32.
Bc5 Qd8 33. Qe3 Nc3 34. Bxf8 Qxf8 35. Qc5 Ne2+ 36. Kh2 Nxf4 37. Qxf8+ Kxf8 38. Be4 g6 39. b5 Ne6 40. b6 Nc5 41. d4 Nd7 42. d5 f5 43. Bf3 Ke7 44. Kg3 g5 45. h4 h6 46.
hxg5 hxg5 47. Kf2 g4 48. Bg2 f4 49. Be4 Kd8 50. b7 Kc7 51. d6+ Kb8 52. Na5 Ka7 53.
Nc6+ Kb6 54. b8=Q+ Nxb8 55. Nxb8 Be6 56. d7 Kc7 57. Bc6 Bxd7 58. Bxd7 Kxb8 59. Bxg4 Kc7 60. Kf3 Kd6 61. Kxf4 1/2-1/2

[Event "*** Titled Tuesday Blitz"]
[Site "Chess.com"]
[Date "2019.07.02"]
[Round "2"]
[White "Tjktiger"]
[Black "Margency"]
[Result "1-0"]
[WhiteElo "2870"]
[BlackElo "2631"]
[TimeControl "180+2"]
[EndTime "13:25:33 PDT"]
[Termination "Tjktiger won by resignation"]

1. c4 Nf6 2. Nc3 g6 3. g3 Bg7 4.
Bg2 d6 5. d4 O-O 6. Nf3 c6 7.
O-O Bf5 8. Ng5 e5 9. d5 c5 10.
e4 Bg4 11. f3 Bd7 12. f4 exf4 13. gxf4 Bg4 14. Qd3 Nbd7 15. h3 Bh5 16. Bd2 Re8 17.
Rae1 a6 18. b3 Rb8 19. a4 Qb6 20. Rb1 h6 21. Nf3 Nh7 22. Rfe1 Rbd8 23. Nh2 g5 24. Qg3 Kh8 25. fxg5 hxg5 26. Bxg5 Bd4+ 27. Kh1 Rg8 28. Bxd8 Rxg3 29. Bxb6 Bxc3 30. Bc7 Bxe1 31. Rxe1 Rg6 32.
Nf1 Ng5 33. Re3 Ne5 34. Nd2 Bd1 35. Rg3 Kh7 36. h4 Ngf3 37. Rxf3 Nxf3 38. Bxf3 Bxf3+ 39. Nxf3 Rg3 40. Ng5+ Kg6 41. Bxd6 Rxb3 42. Bxc5 Rc3 43. d6 Rxc4 44. Bb6 Rc1+ 45. Kg2 Rd1 46. Bc7 f6 47.
Ne6 Kf7 48. Nc5 b6 49. d7 bxc5 50. d8=Q Rxd8 51. Bxd8 c4 52. Ba5 Kg6 53. Bc3 1-0

[Event "*** Titled Tuesday Blitz"]
[Site "Chess.com"]
[Date "2019.07.02"]
[Round "2"]
[White "Vegan4future"]
[Black "vpantev"]
[Result "1-0"]
[WhiteElo "2403"]
[BlackElo "2616"]
[TimeControl "180+2"]
[EndTime "13:25:37 PDT"]
[Termination "Vegan4future won on time"]

1. d4 Nf6 2. c4 e6 3. Nf3 Bb4+ 4. Bd2 c5 5. dxc5 Bxc5 6. e3 O-O 7. Bd3 a6 8. O-O Be7 9. Nc3 d6 10. Rc1 b6 11.
Qe2 Bb7 12. Rfd1 Nbd7 13. Bb1 Rc8 14. b3 Qc7 15. e4 Rfe8 16. Bf4 Ne5 17. h3 Qb8 18. Be3 Nxf3+ 19. Qxf3 Bc6 20. Qg3 g6 21. Bf4 Nh5 22. Qf3 Nxf4 23. Qxf4 b5 24. cxb5 axb5 25.
Rd3 b4 26. Ne2 Bb5 27. Rf3 Rf8 28. Ng3 Rxc1+ 29. Qxc1 Kg7 30. Bd3 Bxd3 31. Rxd3 Rc8 32. Qd2 Rc5 33. Rd4 Qc7 34. Qxb4 Rc1+ 35. Kh2 Qa7 36. Qd2 Ra1 37. Ra4 Qc7 38. Rc4 Qa7 39. a4 Bf6 40. Rc2 h5 41. Qxd6 h4 42. Nh1 Qa5 43.
Qd2 Be5+ 44. g3 hxg3+ 45. Nxg3 Qb6 46. Kg2 Qxb3 47. a5 Qa4 48. Rc5 Bxg3 49. Kxg3 Ra3+ 50. Kg2 Qxe4+ 51. Kh2 Rd3 52. Qg5 Rd5 53. Rxd5 exd5 54.
a6 d4 55. a7 d3 56. Qd2 Qd5 57. f4 1-0

[Event "*** Titled Tuesday Blitz"]
[Site "Chess.com"]
[Date "2019.07.02"]
[Round "2"]
[White "EndgameGrinder"]
[Black "witcher8"]
[Result "0-1"]
[WhiteElo "2576"]
[BlackElo "2415"]
[TimeControl "180+2"]
[EndTime "13:25:38 PDT"]
[Termination "witcher8 won by resignation"]

1. e4 c6 2. d4 d5 3. Nd2 dxe4 4. Nxe4 Bf5 5. Ng3 Bg6 6. h4 h6 7. Nf3 Nd7 8. h5 Bh7 9. Bd3 Bxd3 10. Qxd3 e6 11.
Bd2 Ngf6 12. O-O-O Be7 13. Kb1 Qb6 14. c4 O-O 15.
Bc3 Rfd8 16. Ne4 c5 17. d5 exd5 18. cxd5 Nxe4 19. Qxe4 Bf6 20. Bxf6 Nxf6 21. Qf5 c4 22. Ka1 Qxf2 23. g4 c3 24. bxc3 Qc5 25. g5 Qxc3+ 26. Kb1 Rd6 27. Nd4 Rxd5 28. Qf3 Qb4+ 29. Nb3 Rxg5 30.
Rd4 Qb6 31. Rhd1 a5 32. Qc3 a4 33. Rb4 Qe6 34. Nd4 Qe4+ 35. Qc2 Qxc2+ 36. Nxc2 b5 37. Nd4 Rd8 38. Rc1 Rg4 39. Nc6 Rxb4+ 40.
Nxb4 Rd4 41. a3 Rh4 42. Rc8+ Kh7 43. Rc7 Rxh5 44. Rxf7 Rc5 45. Kb2 h5 46. Nd3 Rf5 47. Re7 h4 48. Re3 g5 49. Ne5 g4 50. Nc6 Rf3 51. Re5 g3 52. Re7+ Kh6 53. Ne5 Rf2+ 54. Kc3 g2 55. Nd3 g1=Q 56. Nxf2 Qxf2 0-1

[Event "*** Titled Tuesday Blitz"]
[Site "Chess.com"]
[Date "2019.07.02"]
[Round "2"]
[White "edgarrodrigues"]
[Black "pr1105"]
[Result "1-0"]
[WhiteElo "2274"]
[BlackElo "2194"]
[TimeControl "180+2"]
[EndTime "13:25:38 PDT"]
[Termination "edgarrodrigues won on time"]

1. e4 e5 2. Nf3 Nc6 3. d4 exd4 4. Nxd4 Nf6 5. Nxc6 bxc6 6. e5 Qe7 7. Qe2 Nd5 8. c4 Nb6 9. Nc3 Qe6 10. Bf4 Ba6 11. b3 Bb4 12. Rc1 O-O 13. Qe4 d5 14. cxd5 Bxc3+ 15. Rxc3 cxd5 16. Qd4 Bxf1 17. Kxf1 Rac8 18. h4 c5 19. Rxc5 Rxc5 20. Qxc5 Qf5 21. g3 Qe4 22. Kg1 Rc8 23. Qe3 Qb1+ 24. Kg2 Qxa2 25. e6 fxe6 26. Qxe6+ Kh8 27. Be5 Qxb3 28. Ra1 Rf8 29. Qg4 Rf7 30. Rc1 h6 31. Rc6 Kh7 32. Qg6+ Kg8 33. Rf6 d4 34. f4 Qd5+ 35. Kh2 d3 36. Rxf7 Qxf7 37. Qxd3 Nd5 38. Qd4 Qd7 39. Bxg7 Qxg7 40. Qxd5+ Qf7 41. Qa8+ Kg7 42.
Qc8 Qa2+ 43. Kh3 a5 44. h5 a4 45. Qd7+ Kh8 46. Qe8+ Kg7 47. Qe5+ Kf8 48. Qf6+ Ke8 49. Qxh6 a3 50. Qc6+ Kd8 51. h6 Qb2 52. Qa8+ Ke7 53. Qa7+ Ke6 54. h7 a2 55. Qxa2+ Qxa2 56.
h8=Q 1-0